AoeStats
← 297539664

Arena

510254080Analyzed
4v4 RM · 2d ago on Sep 30, 2026· 67m 32s· 8 players
Game mode
Random Map
Map size
Large (8 player)
Population
200
Speed
Normal
Resources
Standard
Victory
Conquest
Starting age
Dark Age
Ending age
Imperial Age
RankedLock teamsTeams togetherTeam positionsShared explorationLock speedFull tech treeHidden civsTurbo modeCheats
Victory
Defeat
🇲🇽 Italians · Mexico
1587
+8
🇲🇽 Bohemians · Mexico
1511
+10
🇭🇳 Spanish · Honduras
1347
+17
🇮🇹 Saxons · Italy
1322
+17
🇨🇳 Vietnamese · China
1410
-14
🇦🇷 Khmer · Argentina
1394
-14
🇦🇷 Britons · Argentina
1345
-12
🇨🇳 Franks · China
1342
-12
ExE
9:10 Feudal Age
10:44 Wheelbarrow
12:59 Castle Age
10:55 Double-Bit Axe
11:41 Horse Collar
15:01 Bow Saw
17:26 Heavy Plow
22:00 Gold Mining
22:37 Stone Mining
26:04 Imperial Age
25:36 Fletching
26:53 Hand Cart
27:01 Bodkin Arrow
28:15 Chemistry
27:48 Crop Rotation
28:05 Bracer
28:15 Forging
28:27 Ballistics
29:19 Conscription
30:01 Gold Shaft Mining
29:13 Town Watch
29:50 Padded Archer Armor
30:25 Iron Casting
30:19 Double Crossbow
30:54 Scale Barding Armor
31:28 Capped Ram
32:30 Tusk Swords
32:43 Elite Battle Elephant
33:50 Bloodlines
34:05 Chain Barding Armor
33:26 Light Cavalry
35:44 Plate Barding Armor
35:11 Husbandry
35:18 Hussar
37:07 Blast Furnace
36:34 Heavy Scorpion
38:43 Leather Archer Armor
39:07 Siege Engineers
39:09 Town Patrol
38:57 Loom
45:46 Ring Archer Armor
45:38 Siege Ram
58:01 Scale Mail Armor
58:06 Pikeman
59:24 Halberdier
BocaJuniorsElMasGrande
4:19 Loom
4:54 Loom
6:09 Loom
6:35 Loom
10:54 Feudal Age
12:16 Loom
15:03 Castle Age
12:50 Loom
12:54 Double-Bit Axe
12:50 Horse Collar
14:29 Stone Mining
16:28 Bow Saw
16:19 Heavy Plow
16:45 Fletching
37:04 Wheelbarrow
36:14 Town Watch
44:00 Pikeman
44:40 Squires
44:26 Gambesons
45:10 Squires
44:55 Arson
46:05 Hand Cart
46:40 Caravan
46:47 Scale Mail Armor
46:58 Forging
48:19 Chain Mail Armor
49:08 Iron Casting
52:49 Imperial Age
52:53 Bodkin Arrow
53:19 Ballistics
53:10 Masonry
52:55 Murder Holes
53:03 Padded Archer Armor
54:33 Blast Furnace
53:37 Crossbowman
55:17 Plate Mail Armor
56:14 Two-Man Saw
55:49 Architecture
56:24 Chemistry
55:49 Bracer
56:09 Leather Archer Armor
57:35 Hoardings
57:22 Arbalester
59:12 Ring Archer Armor
58:15 Halberdier
60:41 Town Patrol
297539664
9:42 Feudal Age
13:36 Castle Age
13:19 Double-Bit Axe
15:19 Bow Saw
20:37 Fletching
21:51 Elite Skirmisher
23:01 Padded Archer Armor
29:37 Wheelbarrow
33:51 Imperial Age
32:14 Hand Cart
32:22 Ballistics
32:19 Leather Archer Armor
32:04 Bodkin Arrow
35:43 Chemistry
35:10 Imperial Skirmisher
38:34 Husbandry
37:56 Cavalier
39:31 Scale Barding Armor
39:36 Forging
41:35 Paladin
42:32 Arson
42:47 Squires
42:08 Pikeman
43:01 Scale Mail Armor
43:37 Iron Casting
43:23 Chain Barding Armor
42:54 Halberdier
44:15 Chain Mail Armor
46:22 Blast Furnace
45:55 Chivalry
49:31 Loom
52:10 Plate Mail Armor
52:15 Plate Barding Armor
棉花糖
11:00 Feudal Age
12:37 Double-Bit Axe
15:05 Castle Age
13:22 Horse Collar
16:11 Bow Saw
16:52 Town Watch
19:25 Loom
22:07 Gold Mining
23:41 Wheelbarrow
23:37 Fletching
25:09 Hand Cart
24:54 Bodkin Arrow
26:17 Ballistics
26:36 Stone Mining
29:35 Imperial Age
27:51 Padded Archer Armor
30:19 Bracer
31:21 Chemistry
31:06 Leather Archer Armor
32:31 Ring Archer Armor
32:28 Paper Money
34:28 Two-Man Saw
34:43 Scale Barding Armor
34:48 Forging
34:02 Elite Rattan Archer
36:02 Chain Barding Armor
39:10 Coinage
38:41 Caravan
41:24 Plate Barding Armor
41:42 Siege Engineers
45:51 Masonry
55:49 Squires
55:52 Scale Mail Armor
56:19 Thumb Ring
56:06 Elite Skirmisher
58:15 Pikeman
59:59 Chain Mail Armor
62:39 Plate Mail Armor
62:38 Imperial Skirmisher
SSBARTO EL MANO LARGA
11:02 Feudal Age
12:22 Double-Bit Axe
15:12 Castle Age
13:46 Horse Collar
16:21 Loom
18:11 Fletching
23:32 Town Watch
24:24 Wheelbarrow
32:37 Imperial Age
30:41 Bodkin Arrow
31:38 Bow Saw
32:47 Hand Cart
33:39 Chemistry
34:06 Houfnice
35:32 Siege Engineers
36:27 Forging
36:17 Scale Mail Armor
37:47 Iron Casting
37:41 Pikeman
38:56 Chain Mail Armor
40:05 Blast Furnace
39:04 Halberdier
39:44 Squires
40:44 Plate Mail Armor
41:41 Two-Man Saw
44:08 Bracer
45:59 Conscription
47:59 Coinage
48:38 Banking
52:21 Ballistics
52:44 Guilds
58:34 Heavy Plow
59:33 Padded Archer Armor
Wazded
9:59 Feudal Age
13:36 Castle Age
11:28 Double-Bit Axe
11:44 Horse Collar
15:07 Bow Saw
15:00 Heavy Plow
16:27 Loom
18:43 Town Watch
22:22 Wheelbarrow
24:20 Hand Cart
24:30 Stone Mining
25:40 Fletching
25:52 Padded Archer Armor
26:36 Stone Shaft Mining
25:52 Gold Mining
26:33 Bodkin Arrow
29:24 Imperial Age
27:13 Thumb Ring
28:01 Leather Archer Armor
28:13 Elite Skirmisher
30:10 Ballistics
31:23 Chemistry
31:38 Bracer
32:09 Ring Archer Armor
33:31 Masonry
33:03 Elite Genoese Crossbowman
35:47 Pikeman
37:20 Squires
52:20 Fortified Wall
55:22 Husbandry
55:32 Bloodlines
54:43 Light Cavalry
55:30 Scale Barding Armor
55:36 Forging
56:53 Chain Barding Armor
56:09 Hussar
57:39 Iron Casting
59:43 Plate Barding Armor
62:08 Blast Furnace
61:39 Architecture
62:06 Crop Rotation
62:38 Two-Man Saw
62:13 Scale Mail Armor
GdR_Charizard
10:43 Feudal Age
15:24 Castle Age
13:29 Double-Bit Axe
13:28 Horse Collar
17:14 Bow Saw
22:40 Wheelbarrow
24:37 Hand Cart
24:16 Gold Mining
26:19 Gold Shaft Mining
27:08 Heavy Plow
27:11 Scale Mail Armor
27:21 Forging
30:10 Imperial Age
28:03 Squires
27:56 Stone Mining
28:22 Chain Mail Armor
28:11 Loom
29:43 Iron Casting
28:59 Fletching
30:12 Treadmill Crane
30:43 Masonry
30:44 Fortified Wall
30:14 Shield Wall
31:15 Conscription
30:17 Elite Varangian Guard
30:44 Arson
30:38 Onager
32:24 Chemistry
32:04 Crop Rotation
32:42 Two-Man Saw
33:52 Plate Mail Armor
33:18 Bodkin Arrow
34:19 Architecture
35:32 Town Watch
36:31 Hoardings
36:51 Siege Engineers
36:45 Murder Holes
40:12 Bracer
45:30 Gambesons
46:57 Pikeman
52:28 Scale Barding Armor
52:36 Fortified Wall
55:00 Halberdier
64:12 Caravan
65:45 Town Patrol
Francisco Morazán
10:34 Feudal Age
11:08 Loom
14:05 Castle Age
12:33 Double-Bit Axe
24:46 Bow Saw
30:48 Horse Collar
31:01 Gold Mining
32:12 Wheelbarrow
38:42 Imperial Age
37:39 Scale Barding Armor
37:45 Forging
38:50 Cavalier
39:53 Chain Barding Armor
39:58 Bloodlines
41:36 Husbandry
43:11 Plate Barding Armor
43:18 Conscription
44:15 Heavy Plow
45:10 Iron Casting
47:09 Two-Man Saw
47:46 Paladin
51:20 Blast Furnace
50:56 Hand Cart
52:07 Stone Mining
52:12 Fletching
52:34 Elite Conquistador
54:39 Chemistry
54:58 Stone Shaft Mining
57:07 Masonry
56:54 Bodkin Arrow
56:24 Light Cavalry
67:10 Hussar
67:54 Bracer
Connection lost

Rejoining the realm…

Still unreachable

The connection could not be restored.

Session expired

The server has moved on; the page needs a fresh start.